AoeStats
← old f1sh

Arabia

509037023Analyzed
1v1 RM · 7d ago on Sep 25, 2026· 39m 17s· 2 players
Game mode
Random Map
Map size
Tiny (2 player)
Population
200
Speed
Normal
Resources
Standard
Victory
Conquest
Starting age
Dark Age
Ending age
Imperial Age
RankedLock teamsTeams togetherTeam positionsShared explorationLock speedFull tech treeHidden civsTurbo modeCheats
Victory
Defeat
🇵🇹 Spanish · Portugal
1675
+15
🇨🇳 Varangians · China
1650
-15
old f1sh
6:21 Loom
8:54 Feudal Age
9:42 Double-Bit Axe
15:48 Fletching
17:09 Bloodlines
21:37 Wheelbarrow
24:49 Castle Age
23:39 Scale Barding Armor
24:09 Horse Collar
25:45 Husbandry
25:05 Light Cavalry
27:11 Devotion
31:35 Bow Saw
31:40 Heavy Plow
33:47 Scale Mail Armor
38:59 Imperial Age
36:34 Elite Skirmisher
37:20 Squires
37:36 Chain Mail Armor
38:23 Arson
38:27 Gambesons
Kold
6:20 Loom
8:50 Feudal Age
9:23 Double-Bit Axe
10:41 Horse Collar
14:47 Wheelbarrow
18:58 Fletching
22:48 Castle Age
20:57 Gold Mining
24:00 Bow Saw
25:42 Heavy Plow
26:09 Scale Barding Armor
26:47 Fervor
29:08 Bloodlines
31:23 Hand Cart
31:35 Chain Barding Armor
35:36 Imperial Age
33:35 Redemption
34:29 Padded Archer Armor
34:53 Town Watch
36:25 Cavalier
37:48 Plate Barding Armor
37:34 Leather Archer Armor
38:44 Chemistry
38:24 Forging
40:01 Block Printing
Connection lost

Rejoining the realm…

Still unreachable

The connection could not be restored.

Session expired

The server has moved on; the page needs a fresh start.